cohdb
Replays
Latest Replays
All Replays
Popular Replays
Top Player Replays
Match Explorer
How It Works
Community
CoH3 Stats
Reddit
Sign in to upload your games and track your stats! →
Sign in with Steam
Match 42539459
Unlisted
Match 42539459
Overview
Messages
Build Orders
End
Kettenkrad Recon Vehicle
Construct Infanterie Kompanie
Grenadier Squad
MG 42 Machine Gun Team
Grenadier Squad
Infanterie Officer Quarters
Sniper
Construct Luftwaffe Kompanie
221 Scout Car
Flak 30 Anti-aircraft Gun Team
Selects Mechanized Battlegroup
Support Elements
Selects Raid Package
Selects StuG Assault Group
Marder III M Tank Destroyer
Jäger Squad
Medical Bunker
Wirbelwind Flakpanzer
Luftwaffe Officer Quarters
Selects UNKNOWN (2160084)
Selects Mobile Repair Stations
Selects Wespe Self-propelled Artillery
Jäger Squad
Pioneer Squad
Construct Panzer Kompanie
KevinTDW
Chank Bulkhead
inespie
Big Red
0
0
Comments
sign in to comment!
No comments posted yet!